 Dungeon Crawl Stone Soup version 0.32-a0-705-g60f233581c (webtiles) character file.

Game seed: 1807604910821631015

59 porpoise the Caller (level 4, -1/24 HPs)
             Began as a Tengu Summoner on Mar 15, 2024.
             Slain by a gnoll
             ... wielding a +0 spear
              (8 damage)
             ... on level 3 of the Dungeon.
             The game lasted 00:06:05 (1983 turns).

porpoise the Caller (Tengu Summoner)                Turns: 1983, Time: 00:06:06

Health: -1/24      AC:  2    Str:  9    XL:     4   Next: 3%
Magic:  5/9        EV: 26    Int: 17    God:
Gold:   108        SH:  0    Dex: 14    Spells: 2/8 levels left

rFire   . . .        a - +1 dagger
rCold   . . .        (no shield)
rNeg    . . .        c - +0 robe
rPois   .            (helmet restricted)
rElec   .            (no cloak)
rCorr   .            (no gloves)
SInv    .            (boots unavailable)
Will    .....        f - amulet of regeneration
Stlth   ++           (no ring)
HPRegen 1.04/turn    (no ring)
MPRegen 0.11/turn

%: acrobat
@: acrobatic
A: beak, talons 3, acrobatic
a: no special abilities


You were on level 3 of the Dungeon.
You visited 1 branch of the dungeon, and saw 3 of its levels.

You collected 108 gold pieces.

Inventory:

Hand Weapons
 a - a +1 dagger (weapon)
Missiles
 l - 4 atropa-tipped darts
 m - 5 poisoned darts
Armour
 c - a +0 robe (worn)
Magical Staves
 h - a staff of air
Jewellery
 f - an amulet of regeneration (around neck)
Scrolls
 d - a scroll of brand weapon {unknown}
 e - a scroll of blinking {unknown}
 g - a scroll of teleportation
 n - a scroll of amnesia {unknown}
 p - a scroll of enchant weapon
 r - a scroll of fog {unknown}
Potions
 b - a potion of magic
 i - a potion of heal wounds {unknown}
 j - a potion of haste
 k - 2 potions of invisibility
 o - a potion of curing {unknown}
 q - a potion of degeneration {unknown}


   Skills:
 - Level 2.1 Dodging
 + Level 3.0 Stealth
 + Level 2.7 Spellcasting
 + Level 5.4 Summonings


You had 2 spell levels left.
You knew the following spells:

 Your Spells              Type           Power      Damage    Failure   Level
a - Summon Small Mammal   Summ           80%        N/A       1%          1
b - Call Imp              Summ           40%        N/A       2%          2
c - Call Canine Familiar  Summ           20%        N/A       5%          3

Your spell library contained the following spells:

 Spells                   Type           Power      Damage    Failure   Level
 Summon Blazeheart Golem  Fire/Summ      11%        N/A       50%         4
 Summon Lightning Spire   Summ/Air       11%        N/A       50%         4
 Cause Fear               Hex            1%         N/A       87%         4
 Fireball                 Conj/Fire      1%         3d3       99%         5
 Dragon's Call            Summ           10%        N/A       100%        9


Dungeon Overview and Level Annotations

Branches:
Dungeon (3/15)

Altars:
Yredelemnul


Innate Abilities, Weirdness & Mutations

You have a beak for a mouth.
You have claws for feet.
You can magically evade attacks while moving or waiting.


Message History

Confirm with . or Enter, or press ? or * to list all spells.
A tiny devil pulls itself out of the air.
Your cerulean imp hits the gnoll from afar with a -2 spear.
Your rat bites the gnoll but does no damage.
You swap places.
Your cerulean imp hits the gnoll but does no damage.
The gnoll hits your cerulean imp with a +0 spear.
You hit the gnoll but do no damage.
The gnoll is lightly wounded.
Your cerulean imp hits the gnoll but does no damage.
A gnoll comes into view. It is wielding a +0 spear.
The gnoll hits you with a +0 spear.
Your rat bites the gnoll.
You hit the gnoll but do no damage. You claw the gnoll!
The gnoll is severely wounded.
Your cerulean imp hits the gnoll but does no damage.
The gnoll hits your cerulean imp with a +0 spear.
Your rat barely misses the gnoll.
You hit the gnoll. You peck the gnoll, but do no damage.
The gnoll is severely wounded.
Your cerulean imp hits the gnoll but does no damage.
The gnoll hits you with a +0 spear.
Your rat bites the gnoll.
You barely miss the gnoll. Your peck misses the gnoll.
The gnoll is almost dead.
Your cerulean imp hits the gnoll but does no damage.
The gnoll hits you with a +0 spear.
Your rat barely misses the gnoll.
You closely miss the gnoll.
The gnoll is almost dead.
Your cerulean imp hits the gnoll but does no damage.
The gnoll hits you with a +0 spear.
* * * LOW HITPOINT WARNING * * *
Your rat bites the gnoll.
The gnoll dies!
You have reached level 4!
You feel stronger.
You swap places.
A goblin comes into view. It is wielding a +0 club.
The goblin shouts!
A gnoll comes into view. It is wielding a +0 spear.
The gnoll hits you with a +0 spear!
You die...

#...# ... #....#g..
#......g #......#
#......# #.....##
######## #...g..###..
#.......
#...@......###.......
#(..r5...............
#.....#.#### #.....<.
#)....#.# ########
#.......# ######.##
#.# #.##############
#...............


You could see 2 gnolls, a goblin, a friendly cerulean imp (summoned) and a
friendly rat (summoned).

Vanquished Creatures
  An adder (D:2)
  A ribbon worm (D:2)
  4 ball pythons (D:2)
  2 endoplasms
  2 giant cockroaches
  3 hobgoblins
  A quokka (D:2)
  2 bats
  2 frilled lizards (D:2)
  2 goblins
  2 kobolds
  A rat (D:2)
23 creatures vanquished.

Vanquished Creatures (collateral kills)
  A gnoll (D:3)
  An adder (D:2)
  A ball python (D:2)
  2 giant cockroaches (D:2)
  A goblin (D:1)
  A bat (D:2)
7 creatures vanquished.

Grand Total: 30 creatures vanquished

Notes
Turn   | Place    | Note
-------+----------+-------------------------------------------
     0 | D:1      | porpoise the Tengu Summoner began the quest for the Orb.
     0 | D:1      | Reached XP level 1. HP: 10/10 MP: 4/4
   444 | D:1      | Found a faded altar of an unknown god.
   732 | D:1      | Reached skill level 5 in Summonings
   803 | D:1      | Reached XP level 2. HP: 15/15 MP: 4/6
   900 | D:1      | Learned a level 2 spell: Call Imp
   975 | D:2      | Found a basalt altar of Yredelemnul.
  1221 | D:2      | Reached XP level 3. HP: 19/19 MP: 7/7
  1323 | D:2      | Learned a level 3 spell: Call Canine Familiar
  1983 | D:3      | Reached XP level 4. HP: 6/24 MP: 5/9
  1983 | D:3      | Slain by a gnoll

Illustrated notes

Levels and vault maps discovered:
D:1:      co_arrival_random_square_maze, layout_basic,
          shapermc_ecumenical_altar_venn
D:2:      layout_loops_cross, basic_altar
D:3:      layout_rooms, mainiacjoe_overflow_big_doors,
          chequers_serial_rivers_large_b, minmay_three_crescents

Skill      XL: |  1  2  3 |
---------------+----------+-----
Summonings     | 5 |  5.4
Stealth        | 3 |  3.0
Dodging        | |  2.1
Spellcasting   | |  2.7

Action                     |  1- 3 |  4- 6 || total
---------------------------+-------+-------++-------
  Melee: Dagger            |    62 |       ||    62
         Unarmed           |     4 |       ||     4
         Peck              |    13 |       ||    13
         Kick              |    17 |       ||    17
   Cast: Summon Small Mamm |    16 |       ||    16
         Call Imp          |     5 |       ||     5
    Use: Scroll            |     4 |       ||     4
   Stab: Sleeping          |     4 |       ||     4
 Armour: Robe              |    38 |     1 ||    39
  Dodge: Dodged            |    44 |       ||    44

Table legend: (Time is in decaauts)
 A = Elapsed time spent in this place.
 B = Non-inter-level travel time spent in this place.
 C = Inter-level travel time spent in this place.
 D = Time resting spent in this place.
 E = Time spent auto-exploring this place.
 F = Levels seen in this place.
 G = Mean time per level.
                   A        B        C        D        E       F      G
               +--------+--------+--------+--------+--------+-----+--------+
         Total |   2031 |   1919 |    112 |    270 |   1346 |   3 |  677.0 |
       Dungeon |   2031 |   1919 |    112 |    270 |   1346 |   3 |  677.0 |
               +--------+--------+--------+--------+--------+-----+--------+

Top non-repeatable levels by time:
     D:1: 932 daAuts
     D:2: 876 daAuts
     D:3: 222 daAuts
